 Dungeon Crawl Stone Soup version 0.19-a0-368-g4db2635 (webtiles) character file.

2168 Ordine the Thaumaturge (level 9, -6/45 HPs)
             Began as a Deep Elf Wizard on May 30, 2016.
             Mangled by a water moccasin (8 damage)
             ... on level 6 of the Dungeon.
             The game lasted 00:29:08 (8709 turns).

Ordine the Thaumaturge (Deep Elf Wizard)            Turns: 8709, Time: 00:29:09

Health: -6/45      AC:  4    Str:  7    XL:     9   Next: 10%
Magic:  9/24       EV: 13    Int: 37    God:
Gold:   269        SH:  0    Dex: 13    Spells: 5 memorised, 16 levels left

rFire  x . .     SeeInvis .     j - +0 short sword
rCold  + . .     Gourm    +     a - +0 robe
rNeg   . . .     Faith    .     (no shield)
rPois  +         Spirit   .     p - +0 helmet
rElec  .         Dismiss  .     h - +0 cloak
rCorr  .         Reflect  .     (no gloves)
SustAt .         Harm     .     (no boots)
MR     .....     NoTele   +     C - amulet of the gourmand
Stlth  ++........               z - ring of the Tempest {Ice -Tele Str+3 Int+10}
                                F - ring of poison resistance

@: repel missiles, not resistant to hostile enchantments, unstealthy
A: no striking features
a: no special abilities


You were on level 6 of the Dungeon.
You were completely stuffed.

You visited 2 branches of the dungeon, and saw 8 of its levels.

You collected 269 gold pieces.

Inventory:

Hand Weapons
 j - a +0 short sword (weapon)
Armour
 a - a +0 robe (worn)
 h - a +0 cloak (worn)
 p - a +0 helmet (worn)
Jewellery
 w - an uncursed ring of flight
 y - an uncursed ring of see invisible
 z - the ring of the Tempest (right hand) {Ice -Tele Str+3 Int+10}
   (You found it on level 4 of the Dungeon)

   [ring of ice]

   It enhances your ice magic, and weakens your fire magic.
   It affects your strength (+3).
   It affects your intelligence (+10).
   It makes you vulnerable to fire.
   It protects you from cold.
   It prevents most forms of teleportation.
 A - a +3 ring of dexterity
 C - an amulet of the gourmand (around neck)
 F - a ring of poison resistance (left hand)
Wands
 G - a wand of paralysis (8/24)
Scrolls
 b - a scroll of blinking
 i - 5 scrolls of remove curse
 k - a scroll of enchant weapon
 m - 3 scrolls of fear
 v - 3 scrolls of immolation
 E - a scroll of recharging
Potions
 e - a potion of resistance
 f - a potion of degeneration {unknown}
 g - a potion of might
 l - 3 potions of cancellation
 o - a potion of agility
 q - 2 potions of curing
 r - a potion of magic
 t - a potion of heal wounds {unknown}
 u - 2 potions of flight
 x - a potion of mutation
 H - 2 potions of haste {unknown}
Books
 c - a book of Minor Magic

   Spells                             Type                      Level
   a - Magic Dart                     Conjuration                  1
   b - Blink                          Translocation                2
   c - Call Imp                       Summoning                    2
   d - Repel Missiles                 Charms/Air                   2
   e - Slow                           Hexes                        2
   f - Conjure Flame                  Conjuration/Fire             3
   g - Mephitic Cloud                 Conjuration/Poison/Air       3
Comestibles
 d - 4 bread rations
 n - 4 meat rations
 s - a beef jerky
 B - 4 slices of pizza
 D - 2 chunks of flesh


   Skills:
 - Level 2.4 Dodging
 - Level 2.4 Stealth
 + Level 9.6 Spellcasting
 + Level 6.2 Conjurations
   Level 1.1 Summonings
 - Level 3.1 Translocations
 + Level 4.8 Fire Magic
 + Level 4.3 Air Magic
 + Level 4.5 Evocations


You had 16 spell levels left.
You knew the following spells:

 Your Spells              Type           Power        Failure   Level  Hunger
a - Magic Dart            Conj           ####         1%          1    None
b - Blink                 Tloc           N/A          1%          2    None
c - Conjure Flame         Conj/Fire      ######..     1%          3    None
d - Mephitic Cloud        Conj/Pois/Air  #####...     1%          3    None
e - Repel Missiles        Chrm/Air       ####..       1%          2    None


Dungeon Overview and Level Annotations

Branches:
Dungeon (7/15)             Temple (1/1) D:4

Altars:
Ashenzari
Cheibriados
Dithmenos
Elyvilon
Hepliaklqana
Makhleb
Okawaru
Qazlal
Ru
Sif Muna
Trog
Ukayaw
Vehumet
Xom
Yredelemnul
Zin
The Shining One

Annotations:
D:3 haldagan's ghost, amateur HEFi


Message History

Casting: Magic Dart
Confirm with . or Enter, or press ? or * to list all spells.
Aiming: Magic Dart
Press: ? - help, Shift-Dir - straight line, f/p - water moccasin
Aim: a water moccasin (heavily wounded)
The magic dart hits the water moccasin.
The water moccasin is severely wounded.
The water moccasin bites you.
* * * LOW HITPOINT WARNING * * *
Casting: Magic Dart
Confirm with . or Enter, or press ? or * to list all spells.
Aiming: Magic Dart
Press: ? - help, Shift-Dir - straight line, f/p - water moccasin
Aim: a water moccasin (severely wounded)
The magic dart hits the water moccasin.
The water moccasin is almost dead.
The water moccasin bites you.
* * * LOW HITPOINT WARNING * * *
The water moccasin bites you!
You die...

#...#.......#.....
#...'.......#.....
#...#.......#.....
##'##########.....
#...###...........
#.....+...........
#.....#...........
#.....#...........
#@................
#S.....######.....
######.# #.....
### #..... #.....
#..... #.....
######


You could see a water moccasin.

Vanquished Creatures
  Prince Ribbit (D:6)
  A hippogriff (D:7)
  A phantom (D:5)
  6 centaurs
  4 giant frogs
  2 scorpions
  A howler monkey (D:3)
  2 crimson imps
  2 giant frog zombies
  A hound (D:6)
  3 jellies
  A gnoll shaman (D:7)
  2 orc wizards (D:5)
  Jessica (D:2)
  A centaur skeleton (D:5)
  2 iguanas
  2 worker ants (D:4)
  3 hound zombies
  A howler monkey zombie (D:5)
  15 gnolls
  A howler monkey skeleton (D:6)
  9 adders
  An ooze (D:1)
  An adder skeleton (D:7)
  An adder zombie (D:7)
  5 worms
  2 dart slugs
  A giant gecko (D:4)
  5 orcs
  4 giant cockroaches
  8 goblins
  3 hobgoblins
  3 jackals (D:2)
  3 quokkas
  8 bats
  A giant gecko zombie (D:6)
  2 giant newts
  A jackal skeleton (D:6)
  7 kobolds
  5 rats
123 creatures vanquished.

Notes
Turn   | Place    | Note
--------------------------------------------------------------
     0 | D:1      | Ordine the Deep Elf Wizard began the quest for the Orb.
     0 | D:1      | Reached XP level 1. HP: 10/10 MP: 7/7
   463 | D:1      | Reached XP level 2. HP: 15/15 MP: 7/9
   475 | D:1      | Learned a level 2 spell: Blink
   517 | D:1      | Reached skill level 5 in Spellcasting
  1400 | D:2      | Reached XP level 3. HP: 19/19 MP: 7/12
  1405 | D:2      | Learned a level 3 spell: Conjure Flame
  1409 | D:2      | Learned a level 3 spell: Mephitic Cloud
  1412 | D:2      | Learned a level 2 spell: Repel Missiles
  2333 | D:2      | Reached XP level 4. HP: 24/24 MP: 6/13
  2367 | D:2      | Reached skill level 6 in Spellcasting
  2455 | D:2      | Found a deep blue altar of Sif Muna.
  2456 | D:2      | Found a shadowy altar of Dithmenos.
  2456 | D:2      | Found a glowing golden altar of the Shining One.
  2456 | D:2      | Found a shattered altar of Ashenzari.
  2457 | D:2      | Found a shimmering altar of Xom.
  2721 | D:2      | Noticed Jessica
  2729 | D:2      | Killed Jessica
  3073 | D:3      | Noticed haldagan's ghost (amateur HEFi)
  3514 | D:3      | Reached XP level 5. HP: 28/28 MP: 9/16
  3745 | D:4      | Found a burning altar of Makhleb.
  3770 | D:4      | Found a staircase to the Ecumenical Temple.
  3781 | Temple   | Entered the Ecumenical Temple
  4097 | D:4      | Reached skill level 7 in Spellcasting
  4331 | D:4      | Reached XP level 6. HP: 32/32 MP: 7/18
  4419 | D:4      | Noticed a green death
  4420 | D:4      | Found a glowing silver altar of Zin.
  4420 | D:4      | Noticed an angel
  4631 | D:4      | Got a scintillating lapis lazuli ring
  4645 | D:4      | Identified the ring of the Tempest {Ice -Tele Str+3 Int+10} (You found it on level 4 of the Dungeon)
  4776 | D:4      | Reached skill level 1 in Fire Magic
  4776 | D:4      | Reached skill level 1 in Air Magic
  4868 | D:5      | Entered Level 5 of the Dungeon
  4975 | D:5      | Reached skill level 8 in Spellcasting
  4975 | D:5      | Reached XP level 7. HP: 36/36 MP: 10/20
  5543 | D:5      | Found a stormy altar of Qazlal.
  5559 | D:5      | Reached skill level 1 in Evocations
  6074 | D:5      | Reached XP level 8. HP: 41/41 MP: 12/22
  6410 | D:6      | Reached skill level 5 in Conjurations
  6586 | D:6      | Found a radiant altar of Vehumet.
  6588 | D:6      | Found a hide-covered altar to Ukayaw.
  6809 | D:6      | Noticed Prince Ribbit
  6817 | D:6      | Killed Prince Ribbit
  6817 | D:6      | Reached skill level 9 in Spellcasting
  7327 | D:6      | Found a sacrificial altar of Ru.
  8551 | D:7      | Reached XP level 9. HP: 45/45 MP: 16/24
  8709 | D:6      | HP: 2/45 [water moccasin (4)]
  8709 | D:6      | Mangled by a water moccasin

Vault maps used:
D:1:      nicolae_arrival_washed_ashore, serial_co_window_serial,
          co_window_corner_a, co_window_cross_1, co_window_corner_a,
          co_window_paths_a, co_window_of_opportunity_a,
          co_window_of_opportunity_b, co_window_broadway_a, co_window_corner_b,
          co_window_corner_cb, co_window_broadway_b, co_window_of_opportunity_c,
          glass_columns_c, glass_columns_b, glass_columns_c, glass_columns_a,
          glass_columns_b
D:2:      minitemple, uniq_jessica
D:3:      first_bread, minmay_misc_feat_columns, corexii_item_surrounded_by_moat
D:4:      grunt_temple_overflow_order_and_chaos_2,
          minmay_temple_entry_purple_smoke
D:5:      grunt_qazlal_clouds
D:6:      nicolae_overflow_hidden_temple, uniq_prince_ribbit1
D:7:      basic_altar
Temple:   temple_island_7

Skill      XL: |  1  2  3  4  5  6  7  8 |
---------------+-------------------------+-----
Spellcasting   | 5 6 7 8 9 |  9.6
Conjurations   | 2 3 4 6 |  6.2
Translocations | 2 3 |  3.1
Fire Magic     | 1 3 4 |  4.8
Air Magic      | 1 2 4 |  4.3
Evocations     | 2 4 |  4.5
Dodging        | |  2.4
Stealth        | |  2.4
Summonings     | |  1.1

Action                   |  1- 3 |  4- 6 |  7- 9 || total
-------------------------+-------+-------+-------++-------
Melee: Short sword       |     7 |       |     1 ||     8
 Cast: Magic Dart        |   102 |   144 |   293 ||   539
       Repel Missiles    |     1 |       |     3 ||     4
       Conjure Flame     |       |     5 |       ||     5
       Mephitic Cloud    |       |     2 |    15 ||    17
  Use: Scroll            |     9 |     8 |     3 ||    20
       Potion            |       |       |     2 ||     2
  Eat: Chunk             |     4 |     6 |    20 ||    30
       Beef jerky        |       |     1 |     1 ||     2
Armor: Robe              |     8 |     4 |    25 ||    37
Dodge: Dodged            |    23 |    22 |    91 ||   136
       Deflected         |       |     2 |     7 ||     9
